 Dungeon Crawl Stone Soup version 0.17-b1-15-g0f5fb43 (webtiles) character file.

63 Eucla the Skirmisher (level 3, 0/31 HPs)
             Began as a Centaur Abyssal Knight on Nov 7, 2015.
             Was a Follower of Lugonu.
             Killed from afar by a white imp (10 damage)
             ... with a puff of frost
             ... summoned by Natasha
             ... on level 3 of the Dungeon.
             The game lasted 00:04:29 (2354 turns).

Eucla the Skirmisher (Centaur Abyssal Knight)       Turns: 2354, Time: 00:04:29

Health: 0/31       AC:  5    Str: 14    XL:     3   Next: 87%
Magic:  4/4        EV:  9    Int: 11    God:    Lugonu [*.....]
Gold:   169        SH:  0    Dex:  9    Spells: 0 memorised, 2 levels left

rFire  . . .     SeeInvis .     s - +0 blowgun
rCold  . . .     Clarity  .     b - +0 leather armour
rNeg   . . .     SustAt   .     (no shield)
rPois  .         Gourm    .     (no helmet)
rElec  .         Spirit   .     i - +0 cloak
rCorr  .         Warding  .     (no gloves)
rMut   .         Stasis   .     (no barding)
MR     .....                    (no amulet)
Stlth  ..........               (no ring)
                                (no ring)

@: slowed, not resistant to hostile enchantments, extremely unstealthy
A: hooves 3, deformed body, speed 2, tough skin 3
a: Depart the Abyss, Renounce Religion


You were on level 3 of the Dungeon.
You worshipped Lugonu.
Lugonu was aware of your devotion.
You were not hungry.

You visited 1 branch of the dungeon, and saw 3 of its levels.
You visited the Abyss 1 time.

You collected 169 gold pieces.

Inventory:

Hand Weapons
 a - a +1 spear
 s - a +0 blowgun (weapon)
Missiles
 t - 6 poisoned needles (quivered)
Armour
 b - a +0 leather armour (worn)
 i - a +0 cloak (worn)
Scrolls
 e - 2 scrolls of teleportation {unknown}
 g - a scroll of amnesia {unknown}
 k - a scroll of remove curse {unknown}
 l - a scroll of recharging {unknown}
 m - a scroll of fear {unknown}
 n - 3 scrolls of identify {unknown}
 p - a scroll of fog {unknown}
 q - a scroll of immolation {unknown}
 r - a scroll of random uselessness {unknown}
Potions
 d - a potion of resistance {unknown}
 f - a potion of lignification {unknown}
 h - a potion of invisibility {unknown}
 o - a potion of flight {unknown}
 v - a potion of berserk rage {unknown}
Comestibles
 c - 3 bread rations
 j - 3 meat rations
 u - a chunk of flesh


   Skills:
 + Level 3.4 Fighting
 + Level 2.3 Polearms
 + Level 1.8 Armour
 + Level 1.3 Dodging
 + Level 2.5 Invocations


You had 2 spell levels left.
You didn't know any spells.

Dungeon Overview and Level Annotations

Branches:
Dungeon (3/15)

Altars:

Annotations:
D:3 Natasha


Innate Abilities, Weirdness & Mutations

You have hooves in place of feet.
Armour fits poorly on your strangely shaped body.
You cover ground very quickly.
You have extremely tough skin (AC +3).


Message History

Unknown command.
Wield which item (- for none, * to show all)? (? for menu, Esc to quit)
s - a +0 blowgun (weapon)
You are too injured to fight recklessly!
Firing (i - inventory):
t - 7 poisoned needles (quivered)
Press: ? - help, Shift-Dir - straight line, f - Natasha
Aim: Natasha (lightly wounded)
You shoot a poisoned needle. The poisoned needle hits Natasha!
Natasha is poisoned.
Natasha is lightly wounded.
Natasha mewls in sadness.
Natasha casts a spell.
Natasha mumbles some strange words.
Unknown command.
Unknown command.
Unknown command.
Unknown command.
The white imp gestures at you. The puff of frost hits you!
You die...

##.## #.##..# ##.#
#.##..#####.
##.#####...........
...................
##.########..####.
##.########..#####
##.#.............#
##.#.###########.#
##.#.# #@# #.#.#
#.# #.#.# #5#
#.#.###### #.#
#.......... #5#
###.######. #h# ..#
#g# ### # #.# ..
#(#


You could see Natasha, 2 white imps and a hobgoblin.

Vanquished Creatures
  A gnoll (D:2)
  2 adders
  A worm (D:2)
  3 goblins
  6 hobgoblins
  5 kobolds
  A quokka (D:3)
  A bat (D:2)
  A giant newt (D:3)
  5 jackals
  5 rats
31 creatures vanquished.

Notes
Turn   | Place    | Note
--------------------------------------------------------------
     0 | Abyss:1  | Eucla the Centaur Abyssal Knight began the quest for the Orb.
     0 | Abyss:1  | Reached XP level 1. HP: 19/19 MP: 2/2
    93 | Abyss:1  | Noticed a tentacled starspawn
   302 | Abyss:1  | Noticed a thrashing horror
   333 | Abyss:1  | Noticed a wind drake
   338 | Abyss:1  | Noticed a manticore
   338 | Abyss:1  | a wind drake changed into a manticore
   339 | D:1      | Escaped the Abyss
   727 | D:1      | Reached XP level 2. HP: 15/26 MP: 3/3
   955 | D:2      | Reached * piety under Lugonu
  1348 | D:2      | Reached skill level 1 in Dodging
  1494 | D:2      | Reached XP level 3. HP: 16/31 MP: 4/4
  1771 | D:2      | Found a faded altar to an unknown god.
  2338 | D:3      | Noticed Natasha
  2354 | D:3      | Killed from afar by a white imp

Action                   || total
-------------------------++-------
Melee: Spear             ||   140
 Fire: Blowgun           ||     1
Invok: Depart the Abyss  ||     1
  Eat: Chunk             ||     3
